 Dungeon Crawl Stone Soup version 0.26.0-3-g156281e41b (webtiles) character file.

Game seed: 13858973567864820669

3135 jackrogers the Severer (level 9, -8/105 HPs)
             Began as a Minotaur Berserker on Jan 9, 2021.
             Was a High Priest of Trog.
             Mangled by a two-headed ogre
             ... wielding a +0 giant club
              (17 damage)
             ... on level 8 of the Dungeon.
             The game lasted 00:13:27 (9217 turns).

jackrogers the Severer (Minotaur Berserker)         Turns: 9217, Time: 00:13:28

Health: -8/105     AC: 11    Str: 22    XL:     9   Next: 61%
Magic:  8/8        EV:  7    Int:  4    God:    Trog [*****.]
Gold:   300        SH:  2    Dex:  9    Spells: 8/8 levels left

rFire    . . .     SeeInvis .   y - +1 war axe (elec)
rCold    . . .     Faith    +   i - +0 buckler
rNeg     . . .     Spirit   .   N - +0 chain mail (curse)
rPois    .         Reflect  .   (helmet restricted)
rElec    .         Harm     .   f - +0 cloak
rCorr    .         Rampage  .   r - +0 pair of gloves
Will     .....                  (no boots)
Stlth    ..........             I - amulet of faith
HPRegen  0.27/turn              B - ring "Zeuluvu" {Str-4 Slay+3}
MPRegen  0.11/turn              H - ring of wizardry

@: berserking, very quick
A: retaliatory headbutt, horns 2
a: Renounce Religion, Berserk, Trog's Hand, Brothers in Arms


You were on level 8 of the Dungeon.
You worshipped Trog.
Trog was extremely pleased with you.
You visited 1 branch of the dungeon, and saw 8 of its levels.

You collected 300 gold pieces.

Inventory:

Hand Weapons
 a - a +0 hand axe
 p - a +0 trident
 y - a +1 war axe of electrocution (weapon)
Armour
 b - a +0 animal skin
 f - a +0 cloak (worn)
 i - a +0 buckler (worn)
 k - a +0 leather armour
 r - a +0 pair of gloves (worn)
 s - a +0 ring mail
 w - a +3 leather armour of poison resistance
 x - a +0 ring mail
 N - a cursed +0 chain mail (worn)
Jewellery
 g - an uncursed amulet of inaccuracy
 B - the ring "Zeuluvu" (left hand) {Str-4 Slay+3}
   (You found it on level 4 of the Dungeon)

   [ring of strength]

   It affects your strength (-4).
   It affects your accuracy and damage with ranged weapons and melee attacks
   (+3).
 C - an uncursed amulet of reflection
 G - an uncursed ring of fire
 H - a ring of wizardry (right hand)
 I - an amulet of faith (around neck)
Wands
 n - a wand of polymorph (3)
 u - a wand of flame (37)
 M - a wand of iceblast (11)
 P - a wand of paralysis (12)
Scrolls
 d - a scroll of identify
 e - 5 scrolls of teleportation
 q - 4 scrolls of remove curse
 t - a scroll of enchant armour
 D - a scroll of enchant weapon
 O - a scroll of fog {unknown}
Potions
 c - a potion of ambrosia
 h - 3 potions of heal wounds
 j - 3 potions of mutation
 l - 3 potions of flight
 m - 3 potions of brilliance
 o - a potion of resistance
 v - 2 potions of attraction
 z - 2 potions of curing
 A - 2 potions of might
 E - a potion of berserk rage
 F - a potion of cancellation
 J - 2 potions of lignification
 K - a potion of haste
 L - 4 potions of magic


   Skills:
 - Level 3.6 Fighting
 + Level 15.5 Axes
 - Level 2.4 Armour
 - Level 2.1 Dodging


You had 8 spell levels left.
You didn't know any spells.
Your spell library was empty.

Dungeon Overview and Level Annotations

Branches:
Dungeon (8/15)             Temple (0/1) D:6
   Lair: D:8-11

Altars:
Cheibriados
Elyvilon
Nemelex Xobeh
Ru
Trog
Uskayaw
Vehumet

Shops:
D:7 [

Annotations:
D:7 3 runed translucent doors, qqq123's ghost, novice GrFi


Innate Abilities, Weirdness & Mutations

You reflexively headbutt those who attack you in melee.
You have a pair of horns on your head.


Message History

The two-headed ogre hits you with a +0 giant club!
* * * LOW HITPOINT WARNING * * *
The two-headed ogre hits you with a +0 dire flail of protection!
* * * LOW HITPOINT WARNING * * *
You barely miss the two-headed ogre. You slash the two-headed ogre!
You headbutt the two-headed ogre!
The two-headed ogre is moderately wounded.
You barely miss the two-headed ogre.
The two-headed ogre is moderately wounded.
The two-headed ogre barely misses you.
The two-headed ogre hits you with a +0 dire flail of protection!
* * * LOW HITPOINT WARNING * * *
You slash the two-headed ogre!
Lightning courses through the two-headed ogre!
You headbutt the two-headed ogre!
The two-headed ogre is almost dead.
You barely miss the two-headed ogre.
The two-headed ogre is almost dead.
The two-headed ogre hits you with a +0 giant club!
You die...

#.# # #.# .#
#.# .# #.#
..###.
#.#######......
#..............
#######.###.##
####.## #O@..#
#.##.# #.. ##.#
..>. #.. .##..
### # ##. #. #.


You could see a two-headed ogre.

Vanquished Creatures
  Grinder (D:4)
  Sigmund (D:6)
  Eustachio (D:4)
  Menkaure (D:4)
  An ice beast (D:4)
  2 black bears (D:7)
  A sky beast (D:5)
  4 ogres
  2 phantoms
  A centaur (D:5)
  A big kobold (D:8)
  A bullfrog (D:7)
  Blork the orc (D:6)
  A scorpion (D:4)
  6 killer bees (D:8)
  5 orc priests
  4 hounds
  A jelly (D:6)
  An iguana (D:5)
  7 orc wizards
  6 worker ants
  A killer bee zombie (D:7)
  The ghost of Snicker the Sneak, a weakling DsDe (D:5)
  A hound skeleton (D:7)
  A worker ant zombie (D:5)
  10 adders
  7 gnolls (D:6)
  A shadow imp (D:6)
  A white imp (D:5)
  An ufetubus (D:6)
  2 oozes
  2 worms
  9 leopard geckos
  35 orcs
  A ball python (D:2)
  9 bats
  8 giant cockroaches
  6 goblins
  11 hobgoblins
  9 jackals
  8 quokkas
  6 frilled lizards
  12 kobolds
  15 rats
206 creatures vanquished.

Vanquished Creatures (others)
  2 withered plants (D:5)
2 creatures vanquished.

Grand Total: 208 creatures vanquished

Notes
Turn   | Place    | Note
-------+----------+-------------------------------------------
     0 | D:1      | jackrogers the Minotaur Berserker began the quest for the
                  | Orb.
     0 | D:1      | Reached XP level 1. HP: 19/19 MP: 0/0
    84 | D:1      | Reached skill level 4 in Axes
   230 | D:1      | Reached XP level 2. HP: 24/26 MP: 1/1
   426 | D:1      | Reached skill level 5 in Axes
   613 | D:1      | Reached XP level 3. HP: 24/31 MP: 2/2
  1201 | D:2      | Reached ** piety under Trog
  1346 | D:2      | Found a faded altar of an unknown god.
  1569 | D:2      | Reached XP level 4. HP: 38/39 MP: 3/3
  1571 | D:2      | Reached skill level 6 in Axes
  2325 | D:3      | Reached *** piety under Trog
  2328 | D:3      | Reached skill level 7 in Axes
  2328 | D:3      | Reached XP level 5. HP: 26/45 MP: 4/4
  3231 | D:4      | Noticed a phantom
  3240 | D:4      | Reached skill level 8 in Axes
  3240 | D:4      | Reached XP level 6. HP: 51/51 MP: 5/5
  3269 | D:4      | Reached skill level 9 in Axes
  3682 | D:4      | Noticed an ice beast
  3692 | D:4      | Killed an ice beast
  3693 | D:4      | Reached skill level 10 in Axes
  3693 | D:4      | Reached XP level 7. HP: 51/57 MP: 6/6
  3694 | D:4      | Noticed Grinder
  3704 | D:4      | Killed Grinder
  3710 | D:4      | Reached **** piety under Trog
  3722 | D:4      | Noticed Eustachio
  3876 | D:4      | Killed Eustachio
  3877 | D:4      | Reached skill level 11 in Axes
  3959 | D:4      | Noticed Menkaure
  3964 | D:4      | Reached XP level 8. HP: 52/64 MP: 7/7
  3967 | D:4      | Killed Menkaure
  4424 | D:4      | Found a hide-covered altar of Uskayaw.
  4436 | D:4      | Reached skill level 12 in Axes
  4483 | D:4      | Got a coiled granite ring
  4723 | D:4      | Identified the cursed ring "Zeuluvu" {Str-4 Slay+3} (You
                  | found it on level 4 of the Dungeon)
  5180 | D:5      | Entered Level 5 of the Dungeon
  5361 | D:5      | Reached skill level 13 in Axes
  6303 | D:5      | Found a snail-covered altar of Cheibriados.
  6321 | D:5      | Found a runed translucent door.
  6322 | D:5      | Noticed Snicker's ghost (weakling DsDe)
  6624 | D:5      | Found a white marble altar of Elyvilon.
  6674 | D:5      | Found a sparkling altar of Nemelex Xobeh.
  6726 | D:5      | Killed Snicker's ghost
  6799 | D:6      | Found a staircase to the Ecumenical Temple.
  7020 | D:6      | Found a bloodstained altar of Trog.
  7153 | D:6      | Noticed Sigmund
  7182 | D:6      | Killed Sigmund
  7183 | D:6      | Reached XP level 9. HP: 25/70 MP: 8/8
  7665 | D:6      | Noticed Blork the orc
  7670 | D:6      | Killed Blork the orc
  7671 | D:6      | Reached skill level 14 in Axes
  7770 | D:6      | Found a radiant altar of Vehumet.
  8219 | D:7      | Found a runed translucent gate.
  8219 | D:7      | Found a runed translucent gate.
  8219 | D:7      | Found a runed translucent gate.
  8221 | D:7      | Noticed qqq123's ghost (novice GrFi)
  8269 | D:7      | Reached ***** piety under Trog
  8293 | D:7      | Found Cuocs's Antique Armour Shop.
  8577 | D:7      | Found a sacrificial altar of Ru.
  8778 | D:8      | Reached skill level 15 in Axes
  9206 | D:8      | Noticed a two-headed ogre
  9217 | D:8      | Mangled by a two-headed ogre

Illustrated notes

Levels and vault maps discovered:
D:1:      ncdulo_halloftheorcs, layout_basic
D:2:      layout_basic, chequers_ecumenical_altar_simple_redux
D:3:      layout_rooms, roderic_lattice_a, minmay_quadrilaterals
D:4:      layout_layer_cave, eat_drink_and_be_merry_uskayaw,
          serial_bayou_pond_e, uniq_menkaure, uniq_grinder, uniq_eustachio
D:5:      layout_basic, general_overflow_altar, lemuel_coloured_pillars_altar,
          nicolae_overflow_crystal_walls, gammafunk_ghost_grave
D:6:      layout_loops_cross, kennysheep_mini_moat,
          nicolae_overflow_hidden_temple, minmay_temple_entry_drinking_statues,
          uniq_sigmund, uniq_blork_the_orc
D:7:      layout_loops_ring, gammafunk_ghost_nasty_kobolds, serial_shops,
          shop_statue, nicolae_ru_awakened_eye
D:8:      layout_loops_ring, lemuel_doored_altar, lair_entry_dummy,
          serial_shops, shop, shop_statue, nicolae_shop_window_shopping

Skill      XL: |  1  2  3  4  5  6  7  8  9 |
---------------+----------------------------+-----
Axes           | 4 5 7 8 10 11 13 15 | 15.5
Fighting       | |  3.6
Armour         | |  2.4
Dodging        | |  2.1

Action                   |  1- 3 |  4- 6 |  7- 9 || total
-------------------------+-------+-------+-------++-------
Melee: Hand axe          |    86 |   149 |    38 ||   273
       Headbutt          |    12 |    24 |    37 ||    73
       War axe           |       |       |   214 ||   214
Invok: Berserk           |       |     2 |     8 ||    10
       Trog's Hand       |       |       |     1 ||     1
  Use: Scroll            |     5 |       |    18 ||    23
Armor: Animal skin       |     9 |       |       ||     9
       Leather armour    |     8 |    24 |       ||    32
       Ring mail         |       |    16 |    60 ||    76
       Chain mail        |       |       |    36 ||    36
Dodge: Dodged            |    36 |    76 |    88 ||   200
Block: Buckler           |     1 |    13 |    15 ||    29
